← All builds
Air / Armada / Economy first / OBSERVED BUILD

Standard air

Armada Air build order · Supreme Isthmus

Builds an Aircraft Plant early, reclaims it for metal, then teches up through an Advanced Metal Extractor and Fusion Reactor while supplying teammates with transports and scouts, settling into Falcons and later Highwinds for the team's air…

Usually transports first (70%)

#eco #air #team support · 150 distinct matches · 68 players · 66% of Armada Air games · team won 42% of 153 · Recently observed

HOW TO PLAY IT

Key timing: Aircraft Plant by 1:32

  1. Take mex and wind while queuing the aircraft plant immediately.
  2. Get the aircraft plant up before 1:44 to start producing early.
  3. Build an advanced mex to keep economy scaling for T2.
  4. Send transports and scouts to allies as soon as they're ready.
  5. Add a fusion reactor and shift into fighters then Liche bombers.

Phase by phase

TYPICAL OF ITS 150 GAMES
  1. 1
  2. 2
  3. 3
PLAY THE OPENING

Follow the example game's first 6:00 step by step: what to build now, what comes next, and where it goes. At 1× it keeps pace with your own game.

  1. 1

    Up to the Aircraft Plant

    Economy
    • Metal Extractor3Mex
    • Wind Turbine5Wind
    • Energy Storage1Energy storage
    Order
    1. Aircraft PlantAircraft Plant after 3 mex, 5 wind, 1 energy storagedone ~1:30, middle half 1:22–1:41

    By 1:12 in all: 3 mex · 5 wind · 1 energy storage

    The example game in this phase · 4 steps
    1. Mex ×3
    2. Wind ×3
    3. Energy storage
    4. Aircraft PlantAircraft Plantdone 1:25 · typical 1:30
  2. 2

    Aircraft Plant to 5:00

    Economy
    • Metal Extractor1Mex
    • Wind Turbine12Wind
    Builders
    • Construction Turret2 Con turret
    • Construction Aircraft1 Con aircraft
    Army
    • Falcon6 Fighter
    • Blink2 Scout plane for allies
    • Stork2 Light transport for allies
    • Blink1 Scout plane
    • Osprey1 Heavy transport for allies

    Some games also: light transport (33%) · banshee (33%)

    By 5:00 in all: 4 mex · 17 wind · 1 energy storage · 2 con turret

    The example game in this phase · 35 steps
    1. BlinkScout planefor Geo sea
    2. Wind
    3. StorkLight transportfor Beach sea
    4. BlinkScout planefor Beach sea
    5. Wind ×2
    6. FalconFighter
    7. Construction AircraftCon aircraft
    8. FalconFighter
    9. Con turret
    10. Mex
    11. FalconFighter
    12. Wind ×2
    13. FalconFighter
    14. Wind
    15. FalconFighter
    16. Wind ×2
    17. Con turret
    18. FalconFighter
    19. Con turret
    20. Wind ×9
    21. StorkLight transportfor Tech
    22. Converter
    23. Wind
    24. StorkLight transportfor Beach sea
    25. Wind
    26. StorkLight transport
    27. Converter
    28. Wind
    29. Converter
    30. BlinkScout plane
    31. Wind
    32. Converter ×2
    33. Wind
    34. BansheeBanshee
    35. Converter
  3. 3

    5:00 to 10:00

    Economy
    • Wind Turbine34Wind
    • Energy Converter8Converter
    Order
    1. Aircraft PlantEat Aircraft Plant in 80% of games
    Builders
    • Construction Turret4 Con turret
    Army
    • Falcon10 Fighter

    Some games also: Aircraft Plant (48%) · con aircraft (48%) · fusion (32%)

    By 10:00 in all: 4 mex · 50 wind · 9 converter · 1 energy storage · 6 con turret

    The example game in this phase · 265 steps
    1. Wind
    2. BansheeBanshee
    3. Converter
    4. Wind
    5. BansheeBanshee
    6. Wind ×2
    7. Aircraft PlantEat Aircraft Plantreclaimed for its metal
    8. Wind ×2
    9. Converter
    10. Con turret
    11. Advanced Metal ExtractorT2 mex ×4done 6:28 · typical 7:03
    12. Con turret
    13. Bot LabBot Labdone 7:39
    14. Construction BotCon bot
    15. Converter
    16. Construction BotCon bot ×2
    17. Converter
    18. Construction BotCon bot ×3
    19. Converter
    20. Construction BotCon bot ×3
    21. Wind
    22. Converter
    23. Construction BotCon bot
    24. Wind ×2
    25. Construction BotCon bot
    26. Wind ×3
    27. Converter
    28. Construction BotCon bot
    29. Wind
    30. Aircraft PlantAircraft Plantdone 8:40
    31. Wind ×5
    32. FalconFighter ×2
    33. Converter
    34. Wind ×2
    35. FalconFighter
    36. Wind ×3
    37. FalconFighter
    38. Wind
    39. Converter
    40. Bot LabEat Bot Labreclaimed for its metal
    41. Wind ×3
    42. FalconFighter
    43. Wind ×3
    44. FalconFighter
    45. Converter
    46. Wind ×2
    47. FalconFighter
    48. Wind ×3
    49. FalconFighter
    50. Wind
    51. Converter
    52. FalconFighter
    53. Wind ×3
    54. FalconFighter
    55. Wind ×2
    56. FalconFighter
    57. Wind
    58. Converter
    59. FalconFighter
    60. Wind ×3
    61. FalconFighter
    62. Wind ×2
    63. FalconFighter
    64. Wind
    65. Converter
    66. FalconFighter
    67. Wind ×3
    68. FalconFighter
    69. Wind ×2
    70. FalconFighter
    71. Wind
    72. FalconFighter
    73. Converter
    74. Wind ×2
    75. FalconFighter
    76. Wind ×3
    77. FalconFighter
    78. Wind
    79. BansheeBanshee
    80. Wind ×3
    81. BansheeBanshee
    82. Wind ×2
    83. BansheeBanshee
    84. Wind
    85. Converter
    86. Wind
    87. BansheeBanshee
    88. Wind ×4
    89. FalconFighter
    90. Wind
    91. FalconFighter ×2
    92. Wind ×3
    93. FalconFighter
    94. Wind ×2
    95. FalconFighter
    96. Wind
    97. BansheeBanshee
    98. Wind ×3
    99. BansheeBanshee
    100. Wind ×3
    101. BansheeBanshee
    102. Wind ×2
    103. BansheeBanshee
    104. Wind ×3
    105. BansheeBanshee
    106. Wind
    107. BansheeBanshee
    108. Con turret
    109. Wind ×5
    110. Con turret
    111. Wind
    112. BansheeBanshee
    113. Con turret
    114. Wind ×6
    115. BansheeBanshee ×2
    116. Wind ×2
    117. FalconFighter
    118. Wind ×3
    119. FalconFighter
    120. Wind
    121. BansheeBanshee
    122. Wind
    123. BansheeBanshee
    124. Converter
    125. Wind
    126. FalconFighter
    127. Wind ×2
    128. FalconFighter
    129. Wind ×2
    130. FalconFighter
    131. Wind
    132. FalconFighter
    133. Wind
    134. FalconFighter
    135. Wind ×2
    136. FalconFighter
    137. Wind ×2
    138. FalconFighter ×2
    139. Wind
    140. FalconFighter
    141. Wind
    142. FalconFighter
    143. Wind ×4
    144. FalconFighter ×2
    145. Wind
    146. FalconFighter
    147. Wind
    148. FalconFighter
    149. Wind ×4
    150. FalconFighter ×2
    151. Wind
    152. FalconFighter
    153. Converter
    154. FalconFighter
    155. Wind ×3
    156. FalconFighter
    157. Wind ×2
    158. FalconFighter ×2
    159. Wind
    160. FalconFighter
    161. Wind ×2
    162. FalconFighter
    163. Wind ×3
    164. FalconFighter ×2
    165. Wind
    166. FalconFighter
    167. Wind
    168. FalconFighter
    169. Wind ×3
    170. FalconFighter
    171. Wind
    172. FalconFighter
    173. Wind
    174. FalconFighter ×2
    175. Wind ×3
    176. FalconFighter
    177. Wind ×2
    178. FalconFighter ×2
    179. Wind
    180. Converter
    181. FalconFighter
    182. Wind ×3
    183. FalconFighter
    184. Wind ×2
    185. FalconFighter ×2
    186. Wind
    187. Construction AircraftCon aircraft
    188. Wind ×5
    189. Construction AircraftCon aircraft
    190. FalconFighter
    191. Wind
    192. FalconFighter
    193. Wind ×3
    194. FalconFighter
    195. Wind
    196. FalconFighter
    197. Wind
    198. Converter ×2
    199. FalconFighter
    200. Con turret
    201. Wind
    202. Con turret
    203. Wind ×3
    204. FalconFighter
    205. Wind
    206. Con turret ×2
    207. Wind ×2
    208. Converter
    209. FalconFighter
    210. Wind ×3
    211. FalconFighter
    212. Wind
    213. FalconFighter
    214. Converter
    215. Wind
    216. Con turret
    217. Wind
    218. FalconFighter
    219. Converter
    220. Wind
    221. FalconFighter
    222. Wind ×3
    223. Converter
    224. FalconFighter
    225. Wind
    226. Converter
    227. FalconFighter
    228. Con turret
    229. Wind
    230. FalconFighter
    231. Converter
    232. Con turret
    233. FalconFighter
    234. Wind ×4
    235. FalconFighter
    236. Converter
    237. Wind
    238. FalconFighter ×2
    239. Wind
    240. Converter
    241. FalconFighter
    242. Wind
    243. FalconFighter
    244. Wind ×3
    245. FalconFighter
    246. Wind
    247. FalconFighter
    248. Converter
    249. FalconFighter
    250. TracerTracer
    251. Wind
    252. FalconFighter
    253. Wind
    254. Converter
    255. Wind
    256. CitadelAnti-nukenot finished by 15:00
    257. Wind ×2
    258. FalconFighter
    259. Wind ×3
    260. FalconFighter
    261. Wind ×2
    262. Converter
    263. FalconFighter
    264. Converter
    265. Wind ×4

Counts are medians over the build's games: half of them build more, half fewer. The example game is theogbob's (31 OS, 23/08/2026); pick another.

Team trades

IN AT LEAST 30% OF ITS GAMES

You hand over

  • Blink2 Scout plane to Geo sea or Beach seafirst at 1:50 · in 86% of games
  • Stork3 Light transport to Tech or Geo sea or Beach seafirst at 2:09 · in 90% of games
  • Osprey1 Heavy transport to Beach sea or Pond or Techfirst at 2:26 · in 66% of games

You get

  • Wind Turbine3 Wind from Beach sea or Geo seafirst at 1:33 · in 52% of games
  • Wind Turbine3 Wind from Beach sea or Geo sea or Techfirst at 1:40 · in 39% of games
  • Construction Bot1 Con bot from Techfirst at 2:28 · in 69% of games
  • Advanced Construction Bot1 T2 con bot from Techfirst at 6:04 · in 88% of games

How it plays out

Typical game of this build, running totals by minute

Metal produced

010k20k30k
0:005:0010:0015:00

metal

Enemy metal destroyed

01k2k
0:005:0010:0015:00

metal

Own metal lost

01k2k3k
0:005:0010:0015:00

metal

153 games.

Show as table
ByMetal produced: This buildEnemy metal destroyed: This buildOwn metal lost: This build
1:0039000
2:0091900
3:00145400
4:002060500
5:0027837473
6:003578148146
7:004959241250
8:006685337302
9:008662391365
10:0011009451489
11:0013467619584
12:0016151838708
13:00190351234935
14:002181516071450
15:002484619852270
WHAT THE NUMBERS SAY

Standard air play wins less than half its games while destroying far less metal than it loses by 15:00.

  • + Aircraft plant lands consistently by 1:44, keeping tempo on schedule.
  • − Enemy metal destroyed (2664) trails own metal lost (2351) by 15:00.
THE EXAMPLE YOU ARE READING

theogbob

31.3 OS · 23/08/2026

Open source match ↗

5 received units · includes a constructor
121 metal received · 37153 energy received

Allied construction assistance is unknown. Timings are observations, not a promise of solo reproducibility.

Typical milestones

Aircraft Plant1:30Middle 50%: 1:22–1:41 · n=148
Advanced Metal Extractor7:03Middle 50%: 6:36–7:38 · n=144
Fusion Reactor11:07Middle 50%: 10:01–12:25 · n=87

Played most by

arcsiz25games of this buildbadbot10games of this buildLeohvm8games of this build[Grump]FranzDK6games of this buildFakepilot6games of this build